 Dungeon Crawl Stone Soup version 0.26.1-11-gd32895ea62 (webtiles) character file.

Game seed: 17864875465417843001

19 MajorAdolf the Chiller (level 2, 0/22 HPs)
             Began as a Naga Wanderer on July 21, 2021.
             Slain by a jackal (3 damage)
             ... on level 1 of the Dungeon.
             The game lasted 00:02:52 (1074 turns).

MajorAdolf the Chiller (Naga Wanderer)              Turns: 1074, Time: 00:02:52

Health: 0/22       AC:  1    Str: 16    XL:     2   Next: 75%
Magic:  0/2        EV:  9    Int: 10    God:
Gold:   22         SH:  0    Dex: 10    Spells: 0/1 levels left

rFire    . . .     SeeInvis +   i - +0 dagger
rCold    . . .     Faith    .   (no shield)
rNeg     . . .     Spirit   .   d - +0 robe
rPois    +         Reflect  .   (no helmet)
rElec    .         Harm     .   (no cloak)
rCorr    .         Rampage  .   (no gloves)
Will     .....                  (no barding)
Stlth    ++........             (no amulet)
HPRegen  0.07/turn              (no ring)
MPRegen  0.08/turn              (no ring)

@: short of breath, very slightly contaminated, very slow
A: large, see invisible, deformed body, poison resistance, slowness 2, spit
poison 1, AC +0
a: Spit Poison


You were on level 1 of the Dungeon.
You visited 1 branch of the dungeon, and saw 1 of its levels.

You collected 22 gold pieces.

Inventory:

Hand Weapons
 i - a +0 dagger (weapon)
Armour
 d - a +0 robe (worn)
Wands
 e - a wand of enslavement (15)
Scrolls
 g - a scroll of noise {unknown}
 h - a scroll of teleportation {unknown}
Potions
 b - a potion of invisibility {unknown}
 c - a potion of curing
 f - a potion of mutation {unknown}


   Skills:
 + Level 2.4 Stealth
 - Level 3.0 Hexes
 - Level 2.0 Translocations
 - Level 3.0 Ice Magic
 + Level 2.6 Poison Magic
 - Level 1.0 Evocations


You couldn't memorise any spells.
You knew the following spells:

 Your Spells              Type           Power        Failure   Level
a - Sting                 Tmut/Pois      8%           22%         1

Your spell library contained the following spells:

 Spells                   Type           Power        Failure   Level
 Mephitic Cloud           Conj/Pois/Air  1%           63%         3


Dungeon Overview and Level Annotations

Branches:
Dungeon (1/15)

Altars:
The Shining One


Innate Abilities, Weirdness & Mutations

You cannot wear boots.
Your serpentine skin is tough. (AC +0)
You have supernaturally acute eyesight. (SInv)
Armour fits poorly on your strangely shaped body.
Your system is resistant to poisons. (rPois)
You cover ground very slowly.
You can spit poison.


Message History

The jackal bites you.
Unknown command.
You have got your breath back.
The jackal closely misses you.
Press: ? - help, Shift-Dir - straight line, f/p - jackal
Aim: a jackal The splash of poison misses the jackal.
The jackal completely misses you.
Unknown command.
The jackal bites you.
* * * LOW HITPOINT WARNING * * *
You have got your breath back.
The jackal closely misses you.
Press: ? - help, Shift-Dir - straight line, f/p - jackal
Aim: a jackal The splash of poison hits the jackal but does no damage.
The jackal is poisoned.
The jackal barely misses you. The jackal bites you.
* * * LOW HITPOINT WARNING * * *
Unknown command.
The jackal bites you.
You die...

.........#########
####.............#
####.....#######.#
.....^.........#.#
###........###.#.#
##.)...........#.#
...........#####.#
...........#####.#####
....#...........@h...#
..###..#########...#.#
.......# #...#.#
######.# #...#†#
.......# #...#.#
#......# #...#.#
#)####># #...#.# # #.#
#...#.# #.# #.#


You could see a jackal (poisoned).

Vanquished Creatures
  A giant cockroach (D:1)
  3 goblins (D:1)
  3 hobgoblins (D:1)
  6 jackals (D:1)
  A bat (D:1)
  A rat (D:1)
15 creatures vanquished.

Notes
Turn   | Place    | Note
-------+----------+-------------------------------------------
     0 | D:1      | MajorAdolf the Naga Wanderer began the quest for the Orb.
     0 | D:1      | MajorAdolf set off with the following items: a +0 club, a
                  | potion of curing, a +0 robe, a wand of enslavement (15);
                  | and the following spell memorised: Sting; and the following
                  | spells available to memorise: Mephitic Cloud
     0 | D:1      | Reached XP level 1. HP: 15/15 MP: 1/1
    80 | D:1      | Reached skill level 1 in Poison Magic
   158 | D:1      | Reached XP level 2. HP: 16/22 MP: 0/2
   622 | D:1      | Found a glowing golden altar of the Shining One.
  1074 | D:1      | Slain by a jackal

Illustrated notes

Levels and vault maps discovered:
D:1:      psy_arrival_conway, layout_basic, corexii_leaking_fountain,
          tso_metal_star

Skill      XL: |  1  2 |
---------------+-------+-----
Poison Magic   | 1 2 |  2.6
Stealth        | 2 |  2.4
Hexes          | |  3.0
Translocations | |  2.0
Ice Magic      | |  3.0
Evocations     | |  1.0

Action                   || total
-------------------------++-------
Melee: Club              ||    11
       Dagger            ||     9
 Cast: Sting             ||     6
 Abil: Spit Poison       ||    12
Armor: Robe              ||     3
Dodge: Dodged            ||    28
